 Dungeon Crawl Stone Soup version 0.28-a0-793-g31680bbd8b (webtiles) character file.

Game seed: 14785271742275092489

41 Rennog the Firebug (level 3, -1/21 HPs)
             Began as an Octopode Fire Elementalist on Nov 4, 2021.
             Was a Follower of Dithmenos.
             Slain by a goblin (7 damage)
             ... led by Robin
             ... on level 2 of the Dungeon.
             The game lasted 00:02:20 (2054 turns).

Rennog the Firebug (Octopode Fire Elementalist)     Turns: 2054, Time: 00:02:21

Health: -1/21      AC:  1    Str:  7    XL:     3   Next: 52%
Magic:  6/6        EV: 13    Int: 18    God:    Dithmenos [*.....]
Gold:   47         SH:  0    Dex: 12    Spells: 5/6 levels left

rFire   . . .      SeeInvis .   (no weapon)
rCold   . . .      Faith    .   (no shield)
rNeg    . . .      Spirit   .   (helmet restricted)
rPois   .          Reflect  .   (no amulet)
rElec   .          Harm     .   (no ring)
rCorr   .          Rampage  .   (no ring)
Will    .....                   (no ring)
Stlth   ++++......              (no ring)
HPRegen 0.07/turn               (no ring)
MPRegen 0.10/turn               (no ring)
                                (no ring)
                                (no ring)

@: wreathed by umbra
A: almost no armour, amphibious, 8 rings, camouflage 1, gelatinous body 1,
(nimble swimmer 1), tentacles
a: Renounce Religion


You were on level 2 of the Dungeon.
You worshipped Dithmenos.
Dithmenos was aware of your devotion.
You visited 1 branch of the dungeon, and saw 2 of its levels.

You collected 47 gold pieces.

Inventory:

Scrolls
 b - 2 scrolls of enchant weapon {unknown}
Potions
 a - a potion of lignification {unknown}
 c - a potion of brilliance {unknown}


   Skills:
 + Level 2.5 Dodging
 - Level 2.6 Stealth
 + Level 2.4 Spellcasting
 - Level 1.0 Conjurations
 * Level 3.8 Fire Magic


You had 5 spell levels left.
You knew the following spells:

 Your Spells              Type           Power      Damage    Failure   Level
a - Foxfire               Conj/Fire      40%        2x1d6     6%          1

Your spell library contained the following spells:

 Spells                   Type           Power      Damage    Failure   Level
 Scorch                   Fire           30%        2d7       5%          2
 Conjure Flame            Conj/Fire      10%        6-21      19%         3
 Inner Flame              Hex/Fire       9%         N/A       24%         3
 Flame Wave               Conj/Fire      10%        3d4       54%         4


Dungeon Overview and Level Annotations

Branches:
Dungeon (2/15)

Altars:
Dithmenos

Annotations:
D:2 1 runed translucent door, Crazy Yiuf, Robin


Innate Abilities, Weirdness & Mutations

You cannot wear most types of armour.
You are amphibious.
You can wear up to eight rings at the same time.
Your skin changes colour to match your surroundings (Stealth+).
Your rubbery body absorbs attacks. (AC +1, EV +1)
((You are camouflaged near water. (Stealth+)))
You have tentacles for arms and can constrict up to eight enemies at once.


Message History

The goblin is heavily wounded.
The goblin misses you.
You tentacle-slap the goblin but do no damage.
Your grab misses the goblin.
The goblin is heavily wounded.
A hobgoblin comes into view.
The goblin hits you but does no damage.
You closely miss the goblin.
The hobgoblin shouts!
Your grab misses the goblin.
The goblin is heavily wounded.
Robin throws the goblin at you! The goblin barely misses you.
The goblin closely misses you.
You tentacle-slap the goblin but do no damage.
You grab the goblin.
The goblin is heavily wounded.
You constrict the goblin.
You kill the goblin!
Dithmenos accepts your kill.
The goblin unwields a +0 club.
The goblin wields a +0 hunting sling.
The goblin shoots a stone.
The stone barely misses you.
The stone hits the goblin.
The goblin barely misses you.
You tentacle-slap the goblin. Your grab misses the goblin.
You squeeze the goblin.
You kill the goblin!
Dithmenos accepts your kill. Robin throws the goblin at you!
The goblin closely misses you.
You tentacle-slap the goblin but do no damage.
Your grab misses the goblin. The goblin barely misses you.
The goblin unwields a +0 hunting sling.
The goblin wields a +0 club.
The goblin misses you.
You barely miss the goblin. Your grab misses the goblin.
The goblin closely misses you. The goblin hits you with a +0 club.
You closely miss the goblin. Your grab misses the goblin.
Your squeeze misses the goblin. The goblin hits you with a +0 club.
* * * LOW HITPOINT WARNING * * *
The goblin closely misses you.
You closely miss the goblin. Your grab misses the goblin.
The goblin barely misses you. The goblin hits you with a +0 club!
You die... #.h# #.. #h.# #.# #..# ### gg.

#w#####.. #g#
#.l.....# #g#
#.####..# #g# #.#
#..# #g# #.# #..#
#@# #.# #..# #g#
#.####..# #?####
#.......รท #.#..
######.)# #.#.#
#........
#.#.######.....#.#
#.................
###.######.._..#.#
########.#
#.....#..


You could see Robin, a hobgoblin (strong) and 5 goblins.

Vanquished Creatures
  A worm (D:2)
  A dart slug (D:1)
  A ball python (D:1)
  An endoplasm (D:1)
  A giant cockroach (D:2)
  5 goblins
  3 hobgoblins (D:1)
  4 jackals (D:2)
  2 kobolds (D:1)
  2 quokkas
  7 frilled lizards
  7 rats
35 creatures vanquished.

Vanquished Creatures (others)
  13 foxfires
13 creatures vanquished.

Grand Total: 48 creatures vanquished

Notes
Turn   | Place    | Note
-------+----------+-------------------------------------------
     0 | D:1      | Rennog the Octopode Fire Elementalist began the quest for
                  | the Orb.
     0 | D:1      | Reached XP level 1. HP: 11/11 MP: 3/3
   316 | D:1      | Reached XP level 2. HP: 17/17 MP: 5/5
  1655 | D:2      | Found a runed translucent door.
  1656 | D:2      | Noticed Crazy Yiuf
  1701 | D:2      | Found a faded altar of an unknown god.
  1705 | D:2      | Reached XP level 3. HP: 21/21 MP: 6/6
  1709 | D:2      | Prayed at the altar of an unknown god.
  1709 | D:2      | Became a worshipper of Dithmenos the Shadowed
  1709 | D:2      | Reached * piety under Dithmenos
  2042 | D:2      | Noticed Robin
  2054 | D:2      | Slain by a goblin

Illustrated notes

Levels and vault maps discovered:
D:1:      ebering_trefoil_twist, layout_basic, minmay_heptomino_h4
D:2:      layout_loops_ring, basic_ecumenical_altar, basic_altar,
          nrook_mini_vaults, uniq_robin, uniq_crazy_yiuf_cottage

Action                   || total
-------------------------++-------
Melee: Unarmed           ||    97
       Tentacles         ||    18
       Constrict         ||    26
 Cast: Foxfire           ||    11
 Stab: Sleeping          ||     9
Armor: Skin              ||     7
Dodge: Dodged            ||    81

Table legend: (Time is in decaauts)
 A = Elapsed time spent in this place.
 B = Non-inter-level travel time spent in this place.
 C = Inter-level travel time spent in this place.
 D = Time resting spent in this place.
 E = Time spent auto-exploring this place.
 F = Levels seen in this place.
 G = Mean time per level.
                   A        B        C        D        E       F      G
               +--------+--------+--------+--------+--------+-----+--------+
         Total |   2053 |   1987 |     66 |      0 |   1731 |   2 | 1026.5 |
       Dungeon |   2053 |   1987 |     66 |      0 |   1731 |   2 | 1026.5 |
               +--------+--------+--------+--------+--------+-----+--------+

Top non-repeatable levels by time:
     D:1: 1619 daAuts
     D:2: 434 daAuts
